 Dungeon Crawl Stone Soup version 0.25-a0-398-g1920f1ac21 (webtiles) character file.

Game seed: 13722095196030152351, levelgen mode: deterministic

972 PentaManta the Basher (level 7, -9/59 HPs)
             Began as a Minotaur Fighter on Jan 8, 2020.
             Was an Initiate of Okawaru.
             Mangled by an ogre
             ... wielding a cursed -2 giant club
              (23 damage)
             ... on level 5 of the Dungeon.
             The game lasted 00:10:02 (4882 turns).

PentaManta the Basher (Minotaur Fighter)            Turns: 4882, Time: 00:10:03

Health: -9/59      AC:  8    Str: 22    XL:     7   Next: 94%
Magic:  15/15      EV: 12    Int:  5    God:    Okawaru [......]
Gold:   147        SH:  9    Dex: 10    Spells: 6/6 levels left

rFire    + . .     SeeInvis .   a - +1 flail
rCold    + . .     Gourm    .   c - +0 shield
rNeg     . . .     Faith    .   b - +0 scale mail
rPois    .         Spirit   .   (helmet restricted)
rElec    .         Reflect  .   s - scarf {rC+ rF+}
rCorr    .         Harm     .   r - +0 pair of gloves
MR       .....                  (no boots)
Stlth    ..........             n - amulet of regeneration
HPRegen  0.59/turn              t - ring of magical power
MPRegen  0.14/turn              x - +4 ring of evasion

@: no status effects
A: retaliatory headbutt, horns 2
a: Renounce Religion


You were on level 5 of the Dungeon.
You worshipped Okawaru.
Okawaru was noncommittal.
You were not hungry.

You visited 2 branches of the dungeon, and saw 6 of its levels.

You collected 147 gold pieces.

Inventory:

Hand Weapons
 a - a +1 flail (weapon)
 e - a +0 whip
Missiles
 o - 8 atropa-tipped darts (quivered)
Armour
 b - a +0 scale mail (worn)
 c - a +0 shield (worn)
 r - a +0 pair of gloves (worn)
 s - a scarf of resistance (worn)
 u - a +0 large shield
Jewellery
 n - an amulet of regeneration (around neck)
 t - a ring of magical power (left hand)
 x - a +4 ring of evasion (right hand)
Wands
 p - a wand of digging (5)
Scrolls
 i - 2 scrolls of teleportation
 v - 2 scrolls of enchant weapon
 y - 2 scrolls of remove curse
 z - 2 scrolls of amnesia
Potions
 d - 2 potions of might
 g - a potion of berserk rage
 h - a potion of invisibility
 j - 2 potions of brilliance {unknown}
 k - 2 potions of heal wounds
 l - a potion of magic
 m - a potion of haste {unknown}
 q - a potion of lignification {unknown}
 w - a potion of agility {unknown}
 C - a potion of degeneration {unknown}
 D - a potion of curing {unknown}
Comestibles
 f - 8 rations


   Skills:
 + Level 4.0 Fighting
 + Level 10.4 Maces & Flails
 + Level 4.1 Armour
 + Level 1.3 Dodging
 + Level 4.1 Shields


You had 6 spell levels left.
You didn't know any spells.
Your spell library contained the following spells:

 Spells                   Type           Power        Failure   Level  Hunger
 Animate Skeleton         Necr           N/A          99%         1    ##.....
 Apportation              Tloc           #.....       99%         1    ##.....
 Corona                   Hex            #......      99%         1    ##.....
 Summon Small Mammal      Summ           #...         99%         1    ##.....


Dungeon Overview and Level Annotations

Branches:
Dungeon (5/15)             Temple (1/1) D:4

Altars:
Ashenzari
Cheibriados
Dithmenos
Elyvilon
Fedhas
Gozag
Hepliaklqana
Nemelex Xobeh
Okawaru
Qazlal
Ru
Sif Muna
Trog
Uskayaw
Vehumet
Wu Jian
Zin
The Shining One


Innate Abilities, Weirdness & Mutations

You reflexively headbutt those who attack you in melee.
You have a pair of horns on your head.


Message History

The ogre is lightly wounded.
The ogre hits you with a cursed -2 giant club!!
You completely miss the ogre.
The ogre is lightly wounded.
You hit the ogre. Your headbutt misses the ogre.
The ogre is lightly wounded.
The ogre completely misses you.
The phantom blinks!
You barely miss the ogre.
The ogre is lightly wounded.
The ogre hits you with a cursed -2 giant club!
* * * LOW HITPOINT WARNING * * *
You sock the ogre! You headbutt the ogre!
The ogre is severely wounded.
You block the ogre's attack.
You barely miss the ogre.
The ogre is severely wounded.
You hit the ogre.
The ogre is almost dead.
The ogre hits you with a cursed -2 giant club!!
You die...

...................###...........
##...#.......<......#.#.#.####...
##########...######.####.####...
#...# ### #.##..... ###...###
#.##.#### #.......# ##.##.####
#.#...#.# #...#.##..
#)##.##.########........# .
#...|@OW...##...#.#### #
####..####.######..... .....
###### ......#. # #...##..#.# #
#.## #... . # . ##.. .. ..# #.


You could see a phantom and an ogre.

Vanquished Creatures
  A phantom (D:4)
  3 ogres
  2 scorpions (D:4)
  2 howler monkeys (D:4)
  A crimson imp (D:5)
  A jelly (D:5)
  3 orc priests
  An orc wizard (D:2)
  2 worker ants
  A killer bee zombie (D:2)
  A hound skeleton (D:5)
  3 gnolls
  8 adders
  2 worms
  A dart slug (D:1)
  5 leopard geckos
  10 orcs
  A giant cockroach (D:4)
  12 goblins
  7 hobgoblins
  5 jackals
  A quokka (D:3)
  7 bats
  6 frilled lizards
  7 kobolds
  A leopard gecko skeleton (D:4)
  A quokka skeleton (D:4)
  7 rats
102 creatures vanquished.

Notes
Turn   | Place    | Note
-------+----------+-------------------------------------------
     0 | D:1      | PentaManta the Minotaur Fighter began the quest for the
                  | Orb.
     0 | D:1      | Reached XP level 1. HP: 19/19 MP: 0/0
    58 | D:1      | Reached skill level 3 in Maces & Flails
    91 | D:1      | Reached XP level 2. HP: 21/26 MP: 1/1
   333 | D:1      | Found a shattered altar of Ashenzari.
   480 | D:1      | Reached skill level 4 in Maces & Flails
  1002 | D:2      | Reached XP level 3. HP: 21/31 MP: 2/2
  1092 | D:2      | Reached skill level 5 in Maces & Flails
  1430 | D:3      | Reached XP level 4. HP: 36/39 MP: 3/3
  1628 | D:2      | Reached skill level 6 in Maces & Flails
  1753 | D:3      | Reached XP level 5. HP: 8/45 MP: 4/4
  2093 | D:2      | Reached skill level 7 in Maces & Flails
  2809 | D:3      | Reached XP level 6. HP: 40/51 MP: 5/5
  2966 | D:3      | Noticed a +0 dagger
  2966 | D:3      | Noticed a +0 hand axe
  2969 | D:3      | Found a hide-covered altar of Uskayaw.
  3253 | D:4      | Reached skill level 8 in Maces & Flails
  3402 | D:4      | Reached skill level 9 in Maces & Flails
  3402 | D:4      | Reached XP level 7. HP: 57/57 MP: 6/6
  3712 | D:4      | Found a staircase to the Ecumenical Temple.
  3719 | Temple   | Entered the Ecumenical Temple
  3773 | Temple   | Became a worshipper of Warmaster Okawaru
  4134 | D:4      | Reached skill level 10 in Maces & Flails
  4454 | D:5      | Entered Level 5 of the Dungeon
  4633 | D:5      | Reached skill level 1 in Dodging
  4643 | D:5      | Found an opulent altar of Gozag.
  4882 | D:5      | Mangled by an ogre

Levels and vault maps discovered:
D:1:      tarquinn_simple_flora_water_a, layout_basic,
          nicolae_ashenzari_panopticon
D:2:      layout_rooms, minmay_split_cup_large
D:3:      layout_loops_ring, dancing_weapons_uskayaw
D:4:      layout_basic, minmay_temple_entry_drinking_statues,
          gup_sewer_entry_bowl, first_ration
D:5:      layout_loops_cross, grunt_gozag_statues
Temple:   nicolae_temple_x_marks_the_god

Skill      XL: |  1  2  3  4  5  6  7 |
---------------+----------------------+-----
Maces & Flails | 3 4 5 6 7 9 10 | 10.4
Fighting       | 4 |  4.0
Armour         | 4 |  4.1
Dodging        | 1 |  1.3
Shields        | 4 |  4.1

Action                   |  1- 3 |  4- 6 |  7- 9 || total
-------------------------+-------+-------+-------++-------
Melee: Whip              |   105 |   153 |       ||   258
       Headbutt          |    14 |    28 |    12 ||    54
       Flail             |       |    21 |    70 ||    91
  Use: Scroll            |       |     8 |     5 ||    13
  Eat: Chunk             |       |     7 |       ||     7
       Ration            |       |       |     2 ||     2
Armor: Scale mail        |    35 |    42 |    12 ||    89
Dodge: Dodged            |    28 |    39 |    24 ||    91
Block: Shield            |    49 |    70 |    24 ||   143

Table legend:
 A = Non-vault XP
 B = Vault XP
 C = Vault XP percentage of total XP
 D = Non-vault monster count
 E = Vault monster count
 F = Vault count percentage of total count
                 A         B        C        D         E       F
            +---------+---------+-------+---------+---------+-------
      Total |    1326 |      63 |   4.5 |      95 |       7 |   6.9
            +---------+---------+-------+---------+---------+-------
        D:1 |      34 |       0 |   0.0 |      21 |       0 |   0.0
        D:2 |     115 |      57 |  33.1 |      18 |       4 |  18.2
        D:3 |     225 |       0 |   0.0 |      33 |       0 |   0.0
        D:4 |     670 |       6 |   0.9 |      16 |       3 |  15.8
        D:5 |     282 |       0 |   0.0 |       7 |       0 |   0.0
            +---------+---------+-------+---------+---------+-------
